 Dungeon Sprint DCSS version 0.31.0-12-g77e489cdc1 (webtiles) character file.

Game seed: 15645933600490660652

5957 CougarLife the Destroyer (level 10, -6/91 HPs)
             Began as a Demonspawn Conjurer on Feb 27, 2024.
             Was an Initiate of Gozag.
             Mangled by a quicksilver dragon (12 damage)
             ... in the Dungeon (Sprint V: "Ziggurat Sprint").
             The game lasted 00:07:33 (1012 turns).

CougarLife the Destroyer (Demonspawn Conjurer)      Turns: 1012, Time: 00:07:33

Health: -6/91      AC: 30    Str: 14    XL:     10   Next: 54%
Magic:  25/25      EV:  0    Int: 27    God:    Gozag
Gold:   2981       SH: 25    Dex: 12    Spells: 31/32 levels left

rFire   . . .        D - +6 shillelagh "Devastator" {shatter}
rCold   . . .        C - +18 shield of the Gong {Loud rN+ Will+ rCorr EV-5}
rNeg    + . .        B - +15 Maxwell's patent armour {-Cast -Tele rElec Will+ rCorr}
rPois   .            L - +1 helmet {Int+3}
rElec   +            (cloak unavailable)
rCorr   +            (no gloves)
SInv    .            (no boots)
Will    ++...        K - amulet of regeneration Stlth
                     v - +6 ring of strength
HPRegen 1.15/turn    I - +4 ring of slaying
MPRegen 0.38/turn

%: no teleportation, no spellcasting
@: studying 2 skills
A: robust 1, magic regeneration, big brain 1, demonic magic 1, weakness stinger
3
a: Renounce Religion, Potion Petition, Call Merchant, Bribe Branch


You were in the Dungeon.
You worshipped Gozag.
Gozag was most pleased with you.
You visited 1 branch You collected 4059 gold pieces.
You paid 1078 gold pieces to Gozag.

Inventory:

Hand Weapons
 A - the +6 Majin-Bo {spellvamp, MP+6 Int+6}
   (You found it in the Dungeon)

   Int+6:     It affects your intelligence (+6).
   MP+6:      It affects your magic capacity (+6).
 D - the +6 shillelagh "Devastator" (weapon) {shatter}
   (You found it in the Dungeon)
Armour
 a - a +0 robe
 B - the +15 Maxwell's patent armour (worn) {-Cast -Tele rElec Will+ rCorr}
   (You found it in the Dungeon)

   rElec:     It insulates you from electricity.
   Will+:     It increases your willpower.
   -Cast:     It prevents spellcasting.
   -Tele:     It prevents most forms of teleportation.
   rCorr:     It protects you from acid and corrosion.
 C - the +18 shield of the Gong (worn) {Loud rN+ Will+ rCorr EV-5}
   (You found it in the Dungeon)

   Loud:      It is deafeningly noisy when blocking attacks.
   EV-5:      It affects your evasion (-5).
   rN+:       It protects you from negative energy.
   Will+:     It increases your willpower.
   rCorr:     It protects you from acid and corrosion.
 E - a +3 kite shield
 F - a +3 tower shield
 L - a +1 helmet of intelligence (worn)
Jewellery
 q - a ring of flight
 r - a +6 ring of dexterity
 s - a +6 ring of dexterity
 t - a +6 ring of intelligence
 u - a +6 ring of intelligence
 v - a +6 ring of strength (left hand)
 w - a +6 ring of strength
 H - the ring of Civen {*Slow Will+++ Str+6 Dex+5}
   (You found it in the Dungeon)

   [ring of strength]

   Str+6:     It affects your strength (+6).
   Dex+5:     It affects your dexterity (+5).
   Will+++:   It greatly increases your willpower.
   *Slow:     It may slow you when you take damage.
 I - a +4 ring of slaying (right hand)
 K - an amulet of regeneration (around neck)
Talismans
 k - a talisman of death
Wands
 x - a wand of mindburst (7)
 y - a wand of iceblast (8)
 z - a wand of acid (13)
 G - a wand of digging (16)
 J - a wand of polymorph (5)
 M - a wand of flame (8)
Scrolls
 g - 4 scrolls of blinking
 m - 4 scrolls of amnesia
 n - 8 scrolls of fog
 o - 5 scrolls of identify
 p - 2 scrolls of fear
Potions
 b - 8 potions of magic
 c - 10 potions of curing
 d - 7 potions of heal wounds
 e - 6 potions of haste
 f - 2 potions of berserk rage
 h - 2 potions of brilliance
 i - a potion of invisibility
 j - 2 potions of resistance
 l - 3 potions of might


   Skills:
 + Level 9.5 Fighting
 - Level 5.7 Maces & Flails
 - Level 7.9 Armour
 - Level 5.8 Dodging
 - Level 6.3 Stealth
 + Level 11.7 Spellcasting
 + Level 13.1 Conjurations
 * Level 7.6 Fire Magic


You had 31 spell levels left.
You knew the following spells:

 Your Spells              Type           Power      Damage    Failure   Level
a - Magic Dart            Conj           100%       1d8       3%          1

Your spell library contained the following spells:

 Spells                   Type           Power      Damage    Failure   Level
 Searing Ray              Conj           100%       2d8       5%          2
 Kiss of Death            Conj/Necr      100%       2d13      50%         1
 Volatile Blastmotes      Fire/Tloc      72%        2d16      99%         3
 Fulminant Prism          Conj/Alch      25%        3d14      99%         4
 Iskenderun's Mystic Bla  Conj/Tloc      51%        2d11      99%         4
 Ensorcelled Hibernation  Hex/Ice        30%        N/A       100%        2
 Passwall                 Erth           15%        N/A       100%        3
 Swiftness                Air            15%        N/A       100%        3
 Tukima's Dance           Hex            15%        N/A       100%        3
 Leda's Liquefaction      Alch/Erth      7%         N/A       100%        4
 Martyr's Knell           Necr/Summ      15%        N/A       100%        4
 Passage of Golubria      Tloc           15%        N/A       100%        4
 Petrify                  Alch/Erth      15%        N/A       100%        4
 Summon Lightning Spire   Summ/Air       15%        N/A       100%        4
 Borgnjor's Vile Clutch   Necr/Erth      7%         N/A       100%        5
 Yara's Violent Unravell  Hex/Alch       7%         3d5       100%        5
 Plasma Beam              Fire/Air       18%        2x1d29    100%        6
 Haunt                    Necr/Summ      7%         N/A       100%        7
 Borgnjor's Revivificati  Necr           7%         N/A       100%        8
 Death's Door             Necr           7%         N/A       100%        9
 Fire Storm               Conj/Fire      32%        8d8       100%        9


Dungeon Overview and Level Annotations

Branches:
Dungeon (1/1)

Altars:
Ashenzari
Cheibriados
Dithmenos
Fedhas
Gozag
Hepliaklqana
Kikubaaqudgha
Makhleb
Nemelex Xobeh
Okawaru
Qazlal
Ru
Sif Muna
Trog
Uskayaw
Vehumet
Wu Jian
Xom
Yredelemnul
Jiyva
Lugonu

Annotations:
D 1 transporter


Innate Abilities, Weirdness & Mutations

You are robust. (+10% HP)
You regenerate magic rapidly.
You have an unusually large brain. (Int +2)
Spells you cast may paralyse adjacent enemies.
You have a sharp stinger which inflicts weakening toxins.


Message History

The crystal bolt freezes you! You resist.
The quicksilver dragon bites you but does no damage.
You block the quicksilver dragon's attack.
BOUMMMMG! [a] - 220 gold - curing and magic [b] - 224 gold - might and brilliance [c] - 638 gold - resistance, invisibility, curing and magic Purchase which effect?
You no longer have enough gold to bribe branches to halt enemies' attacks and recruit allies.
You feel protected.
You fade into invisibility!
You feel better. Magic courses through your body.
You feel a little less mighty now.
The quicksilver dragon breathes dispelling energy at you.
The bolt of dispelling energy hits you!!!
Your magical effects are unravelling.
* * * LOW HITPOINT WARNING * * *
The crystal guardian fires a crystalline bolt at you.
The crystal bolt burns you! You resist.
* * * LOW HITPOINT WARNING * * *
Unknown command.
You feel much better.
You flicker back into view.
Your resistance to elements expires.
You block the quicksilver dragon's attack.
GONNNNG!
The quicksilver dragon claws you but does no damage.
You block the quicksilver dragon's attack.
GONNNNG!
You block the quicksilver dragon's attack.
BONNNG!
The quicksilver dragon bites you but does no damage.
The quicksilver dragon claws you.
The crystal guardian fires a crystalline bolt at you.
The crystal bolt freezes you!!
* * * LOW HITPOINT WARNING * * *
The crystal guardian hits you!
* * * LOW HITPOINT WARNING * * *
The quicksilver dragon bites you but does no damage.
The quicksilver dragon claws you!
You die...
Your body crumbles into a pile of gold.

▓▓▓▓▓▓▓▓▓▓▓▓▓▓▓▓▓▓▓
▓...8©8...▓...8©8...▓
▓..::|:)..▓..=.[[[..▓
▓..=|:[|..▓...)[.%..▓
▓.........▓.........▓
▓...9E9...▓..))))...▓
▓....9....▓...)))...▓
▓...DD9E..▓.........▓
▓...9@D...▓.▓.....▓.▓
▓.........▓....©....▓
▓....©....▓▓▓▓▓▓▓▓▓▓▓
▓▓▓▓▓▓▓▓▓▓▓


You could see 2 iron golems, 3 quicksilver dragons, 3 crystal guardians and 2
earth elementals.

Vanquished Creatures
  5 draconians (D)
  A cane toad (D)
  4 wind drakes (D)
  2 merfolk (D)
  2 spriggans (D)
  6 air elementals (D)
  A black bear (D)
  2 orc warriors (D)
  5 wolves (D)
  2 centaurs (D)
  2 phantoms (D)
  2 necrophages (D)
  2 bullfrogs (D)
  A wight (D)
  2 iguanas (D)
  5 orc wizards (D)
  2 orcs (D)
  3 jackals (D)
  A ball python skeleton (D)
  A ball python zombie (D)
  2 quokka zombies (D)
53 creatures vanquished.

Vanquished Creatures (others)
  A wind drake (D)
1 creature vanquished.

Grand Total: 54 creatures vanquished

Notes
Turn   | Place    | Note
-------+----------+-------------------------------------------
     0 | D        | CougarLife the Demonspawn Conjurer began the quest for the
                  | Orb.
     0 | D        | Reached XP level 1. HP: 13/13 MP: 3/3
     0 | D        | Found a shimmering blue altar of Sif Muna.
     0 | D        | Found a bloodstained altar of Trog.
     0 | D        | Found a sacrificial altar of Ru.
     0 | D        | Found a stormy altar of Qazlal.
     0 | D        | Found an iron altar of Okawaru.
     1 | D        | Found a sparkling altar of Nemelex Xobeh.
     1 | D        | Found a blossoming altar of Fedhas.
     1 | D        | Found the +6 Majin-Bo {spellvamp, MP+6 Int+6}
     1 | D        | Found the +27 heavy crossbow "Sniper" {heavy, Acc+∞ SInv}
     1 | D        | Found the +10 dark maul {heavy}
     1 | D        | Found the +15 Maxwell's patent armour {-Cast -Tele rElec
                  | Will+ rCorr}
     1 | D        | Found the +18 shield of the Gong {Loud rN+ Will+ rCorr
                  | EV-5}
     1 | D        | Found the +16 obsidian axe {drain, demonic, Mesm ^Drain Fly
                  | SInv}
     1 | D        | Found the +7 great mace "Firestarter" {flame, immolate,
                  | rFlCloud rF++}
     1 | D        | Found the +6 shillelagh "Devastator" {shatter}
     1 | D        | Found the +11 plutonium sword {^Contam Stlth-}
     1 | D        | Found the +8 lance "Wyrmbane" {slay drac, rPois rF+ rC+
                  | AC+3}
     1 | D        | Found the +9 sword of Zonguldrok {reap}
     1 | D        | Found the +13 scythe of Curses {drain, curses, ^Drain}
     1 | D        | Found the +9 sword of Power {lifebolt}
     1 | D        | Found the +7 mace of Variability {chaos, chaos arc}
     1 | D        | Found the +11 Singing Sword {sonic wave}
     1 | D        | Found the +8 storm bow {elec, penet}
     3 | D        | Found a transporter.
     3 | D        | Found an ancient bone altar of Kikubaaqudgha.
     3 | D        | Found a viscous altar of Jiyva.
     3 | D        | Found a corrupted altar of Lugonu.
     3 | D        | Found a hazy altar of Hepliaklqana.
     3 | D        | Found a burning altar of Makhleb.
     3 | D        | Found an opulent altar of Gozag.
    45 | D        | Became a worshipper of Gozag Ym Sagoz the Greedy
    51 | D        | Reached skill level 5 in Conjurations
    51 | D        | Gained mutation: You have an unusually large brain. (Int
                  | +2) [demonic ancestry]
    51 | D        | Reached XP level 2. HP: 24/24 MP: 3/6
   107 | D        | Entered arena 2.
   107 | D        | Noticed a draconian
   107 | D        | Noticed a draconian
   107 | D        | Found a transporter.
   115 | D        | Killed a draconian
   116 | D        | Reached skill level 5 in Dodging
   116 | D        | Reached skill level 8 in Conjurations
   116 | D        | Gained mutation: You regenerate magic rapidly. [demonic
                  | ancestry]
   116 | D        | Reached XP level 3. HP: 21/29 MP: 7/11
   116 | D        | Gained mutation: Spells you cast may paralyse adjacent
                  | enemies. [demonic ancestry]
   116 | D        | Reached XP level 4. HP: 25/35 MP: 7/12
   116 | D        | Reached XP level 5. HP: 29/41 MP: 8/14
   116 | D        | Gained mutation: You have a small tail. [demonic ancestry]
   116 | D        | Reached XP level 6. HP: 34/47 MP: 8/15
   124 | D        | Killed a draconian
   125 | D        | Reached skill level 5 in Fighting
   125 | D        | Reached skill level 9 in Conjurations
   125 | D        | Reached XP level 7. HP: 42/56 MP: 12/18
   175 | D        | Entered arena 3.
   175 | D        | Noticed a draconian
   175 | D        | Noticed a draconian
   175 | D        | Noticed a draconian
   175 | D        | Found a transporter.
   184 | D        | Killed a draconian
   185 | D        | Gained mutation: You have a tail ending in a sharp stinger.
                  | [demonic ancestry]
   185 | D        | Reached XP level 8. HP: 50/65 MP: 18/20
   189 | D        | Killed a draconian
   190 | D        | Reached skill level 5 in Maces & Flails
   190 | D        | Reached skill level 10 in Conjurations
   193 | D        | Killed a draconian
   194 | D        | Reached skill level 5 in Armour
   235 | D        | Entered arena 4.
   235 | D        | Found a transporter.
   241 | D        | Reached skill level 11 in Conjurations
   261 | D        | Entered arena 5.
   261 | D        | Found a transporter.
   268 | D        | Gained mutation: You have a sharp stinger which inflicts
                  | weakening toxins. [demonic ancestry]
   268 | D        | Reached XP level 9. HP: 72/72 MP: 22/22
   288 | D        | Entered arena 6.
   288 | D        | Found a transporter.
   295 | D        | Reached skill level 10 in Spellcasting
   320 | D        | Got the ring of Civen {*Slow Will+++ Str+6 Dex+5}
   328 | D        | Entered arena 7.
   328 | D        | Noticed a cane toad
   329 | D        | Found a transporter.
   333 | D        | Killed a cane toad
   349 | D        | Got Sif Muna's Annotations on the Swarm and Combustion
   358 | D        | Entered arena 8.
   359 | D        | Found a transporter.
   364 | D        | Reached skill level 1 in Fire Magic
   369 | D        | Reached skill level 12 in Conjurations
   421 | D        | Entered arena 9.
   421 | D        | Noticed a wind drake
   421 | D        | Noticed a merfolk
   421 | D        | Noticed a wind drake
   421 | D        | Noticed a wind drake
   421 | D        | Noticed a merfolk
   429 | D        | Killed a wind drake
   431 | D        | Killed a merfolk
   436 | D        | Killed a wind drake
   437 | D        | Reached skill level 5 in Fire Magic
   437 | D        | Gained mutation: You are robust. (+10% HP) [demonic
                  | ancestry]
   437 | D        | Reached XP level 10. HP: 60/90 MP: 23/25
   439 | D        | Found a transporter.
   458 | D        | Got Sif Muna's Volume of the Mantle and Astrapomancy
   703 | D        | Entered arena 10.
   703 | D        | Paralysed by an air elemental for 1 turns
   704 | D        | Found a transporter.
   705 | D        | Paralysed by an air elemental for 1 turns
   709 | D        | Paralysed by an air elemental for 1 turns
   713 | D        | Paralysed by an air elemental for 1 turns
   715 | D        | Paralysed by an air elemental for 1 turns
   719 | D        | Paralysed by an air elemental for 1 turns
   722 | D        | Reached skill level 13 in Conjurations
   953 | D        | Entered arena 11.
   954 | D        | Found a transporter.
   990 | D        | Got the Vellum of the Graveyard and the Fjord
   997 | D        | Got the ring of Anweit {Fly Dex+6}
  1006 | D        | Entered arena 12.
  1006 | D        | Noticed a crystal guardian
  1006 | D        | Noticed a quicksilver dragon
  1006 | D        | Noticed a crystal guardian
  1006 | D        | Noticed a crystal guardian
  1008 | D        | Noticed a quicksilver dragon
  1008 | D        | Noticed a quicksilver dragon
  1008 | D        | Noticed an iron golem
  1008 | D        | Noticed an iron golem
  1009 | D        | Found a transporter.
  1012 | D        | Mangled by a quicksilver dragon

Illustrated notes

Levels and vault maps discovered:
D:        sprint_v [room_start, room_1, room_2, room_3, room_4, room_5, room_6,
          room_7, room_8, room_9, room_10, room_11, room_12, room_13, room_14,
          room_15, room_16, room_17, room_18, room_19, room_20, room_21,
          room_22, room_23, room_24, room_25, room_26, room_27]

Skill      XL: |  1  2  3  4  5  6  7  8  9 10 |
---------------+-------------------------------+-----
Fighting       | 3 5 6 7 8 9 |  9.5
Armour         | 3 5 7 |  7.9
Spellcasting   | 3 6 7 8 9 11 | 11.7
Conjurations   | 5 8 9 11 12 13 | 13.1
Dodging        | 5 |  5.8
Stealth        | 6 |  6.3
Maces & Flails | 3 4 5 |  5.7
Fire Magic     | 5 7 |  7.6

Action                     |  1- 3 |  4- 6 |  7- 9 | 10-12 || total
---------------------------+-------+-------+-------+-------++-------
  Melee: Shillelagh        |     7 |     9 |    67 |    39 ||   122
         Tailslap          |       |     1 |     8 |     4 ||    13
 Invoke: Potion Petition   |       |       |       |     2 ||     2
    Use: Potion            |     1 |       |     4 |     5 ||    10
   Stab: Invisible         |       |       |     1 |       ||     1
 Armour: Plate armour      |     8 |     2 |    76 |   165 ||   251
  Dodge: Dodged            |       |       |     1 |     3 ||     4
  Block: Kite shield       |    14 |     9 |   116 |    73 ||   212
